 Dungeon Crawl Stone Soup version 0.22-a0-467-g5c5de1c (webtiles) character file.

826 grizmgrazm2 the Covert (level 7, -2/46 HPs)
             Began as a Vampire Enchanter on June 10, 2018.
             Slain by Pikel
             ... wielding a +1 whip of electrocution
              (17 damage)
             ... on level 5 of the Dungeon.
             The game lasted 00:11:25 (4619 turns).

grizmgrazm2 the Covert (Vampire Enchanter)          Turns: 4619, Time: 00:11:26

Health: -2/46      AC:  6    Str: 14    XL:     7   Next: 64%
Magic:  1/10       EV: 15    Int: 22    God:
Gold:   325        SH:  0    Dex: 17    Spells: 4/10 levels left

rFire    . . .     SeeInvis +   a - +1 dagger
rCold    + + .     Gourm    .   (no shield)
rNeg     + + +     Faith    .   d - +1 robe {MR+}
rPois    ∞         Spirit   .   (no helmet)
rElec    .         Reflect  .   (no cloak)
rCorr    .         Harm     .   w - +2 pair of gloves
MR       +....                  (no boots)
Stlth    ++++++....             (no amulet)
HPRegen  0.00/turn              c - +2 ring of strength
MPRegen  0.12/turn              m - +5 ring of intelligence

@: mighty, bloodless, non-regenerating
A: fangs 3, see invisible, unbreathing
a: Bat Form


You were on level 5 of the Dungeon.
You were bloodless.

You visited 1 branch of the dungeon, and saw 5 of its levels.
You also visited: Sewer.

You collected 325 gold pieces.

Inventory:

Hand Weapons
 a - a +1 dagger (weapon)
Armour
 d - a +1 robe of magic resistance (worn)
 q - a +0 pair of gloves
 w - a +2 pair of gloves (worn)
Jewellery
 c - a +2 ring of strength (left hand)
 m - a +5 ring of intelligence (right hand)
 t - a +5 ring of dexterity {unknown}
 z - an uncursed ring of magical power {unknown}
Scrolls
 f - 7 scrolls of teleportation
 j - 4 scrolls of blinking {unknown}
 n - 2 scrolls of fog {unknown}
 o - 6 scrolls of identify {unknown}
 p - 2 scrolls of random uselessness {unknown}
 r - a scroll of remove curse {unknown}
 v - a scroll of fear {unknown}
 y - a scroll of vulnerability {unknown}
Potions
 b - 2 potions of berserk rage {unknown}
 e - a potion of might
 g - 19 potions of blood
 h - 2 potions of curing {unknown}
 i - a potion of lignification {unknown}
 k - 2 potions of haste {unknown}
 l - 4 potions of heal wounds {unknown}
 s - a potion of mutation {unknown}
 u - 5 potions of flight {unknown}
 x - 3 potions of degeneration {unknown}
 A - a potion of ambrosia {unknown}


   Skills:
 + Level 2.9 Short Blades
 * Level 4.5 Dodging
 + Level 8.4 Stealth
 - Level 2.0 Spellcasting
 + Level 7.9 Hexes
 - Level 3.0 Ice Magic


You had 4 spell levels left.
You knew the following spells:

 Your Spells              Type           Power        Failure   Level  Hunger
a - Ensorcelled Hibernat  Hex/Ice        ####..       2%          2    ##.....
b - Confuse               Hex            #####...     1%          3    ###....
c - Corona                Hex            #####..      1%          1    #......

Your spell library contained the following spells:

 Spells                   Type           Power        Failure   Level  Hunger
 Tukima's Dance           Hex            #####...     1%          3    ###....
 Dazzling Spray           Conj/Hex       ###...       9%          3    ###....


Dungeon Overview and Level Annotations

Branches:
Dungeon (5/15)
 Temple: D:4-7

Altars:
Okawaru
Qazlal
Ru
Vehumet
Xom

Annotations:
D:5 Pikel


Innate Abilities, Weirdness & Mutations

You do not heal naturally.
You are immune to poison.
You have razor-sharp teeth.
You have supernaturally acute eyesight. (SInv)
You can survive without breathing.


Message History

Confirm with . or Enter, or press ? or * to list all spells.
You don't have enough magic to cast that spell.
Unknown command.
You hit Pikel but do no damage. Pikel misses you.
You barely miss Pikel.
Pikel hits you with a whip of electrocution.
You are electrocuted!
You hit Pikel but do no damage. Pikel closely misses you.
You feel very mighty all of a sudden.
Pikel hits you with a whip of electrocution.
You puncture Pikel!
Pikel is moderately wounded.
You hear a shout!
You puncture Pikel!
Pikel is heavily wounded.
Pikel hits you with a whip of electrocution.
You barely miss Pikel.
Pikel is heavily wounded.
Pikel hits you but does no damage.
You are electrocuted!
You die...

#.###.###..# .# #.# #.
#..# .# .###.###..###.#
............... #
.###.##..###.#. #. .#
#.!# #.#
###..####.###.##..###<##
..............$.........
###...@####.!<.......##
###K## ##.######### #O
## #p #. ##


You could see Pikel, an ogre and a slave.

Vanquished Creatures
  Sigmund (D:2)
  An ice beast (D:5)
  A phantom (D:4)
  The ghost of Avalon the Digger, an amateur GrEE (D:3)
  A bullfrog zombie (D:5)
  A hound (D:4)
  An orc priest (D:4)
  An iguana (D:5)
  3 worker ants
  5 gnolls
  8 adders
  4 oozes (Sewer)
  An adder zombie (D:2)
  6 worms
  A dart slug (D:3)
  8 leopard geckos
  5 orcs (D:4)
  6 ball pythons
  A giant cockroach (D:1)
  4 goblins
  3 hobgoblins (D:2)
  8 jackals
  2 quokkas
  14 bats
  5 frilled lizards
  6 kobolds
  4 rats
102 creatures vanquished.

Vanquished Creatures (others)
  5 toadstools (D:1)
5 creatures vanquished.

Grand Total: 107 creatures vanquished

Notes
Turn   | Place    | Note
-------+----------+-------------------------------------------
     0 | D:1      | grizmgrazm2 the Vampire Enchanter began the quest for the Orb.
     0 | D:1      | Reached XP level 1. HP: 13/13 MP: 3/3
   302 | D:1      | Reached XP level 2. HP: 10/19 MP: 5/5
   308 | D:1      | Learned a level 2 spell: Ensorcelled Hibernation
   414 | D:1      | Reached skill level 5 in Stealth
   520 | D:1      | Reached skill level 5 in Hexes
   771 | D:2      | Noticed Sigmund
  1265 | D:2      | Killed Sigmund
  1265 | D:2      | Reached skill level 6 in Stealth
  1265 | D:2      | Reached XP level 3. HP: 4/24 MP: 4/6
  1265 | D:2      | Reached XP level 4. HP: 5/30 MP: 4/7
  1265 | D:2      | Reached XP level 5. HP: 6/35 MP: 4/8
  1484 | D:2      | Learned a level 3 spell: Confuse
  1777 | D:2      | Found a shimmering altar of Xom.
  1983 | D:3      | Found an iron altar of Okawaru.
  2094 | D:3      | Noticed Avalon's ghost (amateur GrEE)
  2104 | D:3      | Killed Avalon's ghost
  2104 | D:3      | Reached skill level 7 in Stealth
  2104 | D:3      | Reached XP level 6. HP: 32/41 MP: 3/9
  2256 | D:3      | Found a stormy altar of Qazlal.
  2641 | D:4      | Found a sacrificial altar of Ru.
  3029 | D:4      | Found a glowing drain.
  3042 | Sewer    | Entered a sewer
  3466 | Sewer    | Reached XP level 7. HP: 46/46 MP: 10/10
  3989 | D:4      | Found a radiant altar of Vehumet.
  4237 | D:4      | Reached skill level 8 in Stealth
  4526 | D:5      | Entered Level 5 of the Dungeon
  4609 | D:5      | Noticed Pikel
  4619 | D:5      | Slain by Pikel

Vault maps used:
D:1:      ldierk_walled_garden
D:2:      tgw_xom, uniq_sigmund
D:3:      kennysheep_six_static_rooms, okawaru_trees_1, old_standard_altar,
          first_ration
D:4:      fiery_altar_vehumet, old_standard_altar, cheibrodos_sewer_entry_bend,
          st_stairs_12
D:5:      grunt_dithmenos_shadows, serial_shops,
          nicolae_shop_competitors_out_of_business, kennysheep_doodads,
          eino_small_chamber_without_monster, uniq_pikel, uniq_ijyb
Sewer:    sewer_fruit_machine

Skill      XL: |  1  2  3  4  5  6  7 |
---------------+----------------------+-----
Stealth        | 6 7 8 |  8.4
Hexes          | 6 7 |  7.9
Ice Magic      | 2 3 |  3.0
Dodging        | 3 4 |  4.5
Short Blades   | 2 |  2.9
Spellcasting   | |  2.0

Action                   |  1- 3 |  4- 6 |  7- 9 || total
-------------------------+-------+-------+-------++-------
Melee: Dagger            |    61 |   139 |    52 ||   252
       Bite              |     5 |    11 |     5 ||    21
 Cast: Corona            |     6 |     4 |     1 ||    11
       Ensorcelled Hiber |     5 |    32 |    20 ||    57
       Confuse           |       |     2 |     3 ||     5
 Abil: End Transformatio |       |     1 |     1 ||     2
       Bat Form          |       |     1 |     1 ||     2
  Use: Potion            |     2 |     2 |     1 ||     5
       Scroll            |       |     2 |     1 ||     3
 Stab: Sleeping          |    10 |    37 |    19 ||    66
       Confused          |       |     4 |     2 ||     6
Armor: Robe              |    12 |    42 |    13 ||    67
Dodge: Dodged            |    45 |   114 |    41 ||   200

Table legend:
 A = Spawn XP
 B = Non-spawn XP
 C = Spawn XP percentage of total XP
 D = Spawn monster count
 E = Non-spawn monster count
 F = Spawn count percentage of total count
 G = Total turns spent on level
                    A         B        C        D         E        F      G
               +---------+---------+-------+---------+---------+-------+---------
         Total |       0 |    1181 |   0.0 |       0 |     102 |   0.0 |  4619
               +---------+---------+-------+---------+---------+-------+---------
           D:1 |       0 |      24 |   0.0 |       0 |      14 |   0.0 |  1124
           D:2 |       0 |     264 |   0.0 |       0 |      17 |   0.0 |   792
           D:3 |       0 |     178 |   0.0 |       0 |      17 |   0.0 |   704
           D:4 |       0 |     380 |   0.0 |       0 |      24 |   0.0 |  1191
           D:5 |       0 |     253 |   0.0 |       0 |       6 |   0.0 |    93
         Sewer |       0 |      82 |   0.0 |       0 |      24 |   0.0 |   715
               +---------+---------+-------+---------+---------+-------+---------
